 Dungeon Crawl Stone Soup version 0.25-a0-67-g7dccc1bee0 (webtiles) character file.

Game seed: 14064259577177159991, levelgen mode: deterministic

382 wvc the Twirler (level 6, -16/44 HPs)
             Began as a Demonspawn Gladiator on Nov 1, 2019.
             Demolished by Crazy Yiuf
             ... wielding a +3 quarterstaff of chaos
              (19 damage)
             ... on level 4 of the Dungeon.
             The game lasted 00:07:35 (4642 turns).

wvc the Twirler (Demonspawn Gladiator)              Turns: 4642, Time: 00:07:37

Health: -16/44     AC:  5    Str: 14    XL:     6   Next: 47%
Magic:  6/6        EV: 13    Int: 11    God:
Gold:   98         SH:  0    Dex: 15    Spells: 0/5 levels left

rFire    . . .     SeeInvis .   a - +0 quarterstaff
rCold    . . .     Gourm    .   (shield currently unavailable)
rNeg     . . .     Faith    .   b - +0 leather armour
rPois    .         Spirit   .   c - +1 helmet
rElec    .         Reflect  .   (no cloak)
rCorr    .         Harm     .   (no gloves)
MR       .....                  (no boots)
Stlth    +.........             (no amulet)
HPRegen  0.14/turn              (no ring)
MPRegen  0.10/turn              (no ring)

@: slowed, very slow
A: talons 1, foul stench 1, spiny 1, rot immunity
a: no special abilities


You were on level 4 of the Dungeon.
You were not hungry.

You visited 1 branch of the dungeon, and saw 4 of its levels.

You collected 98 gold pieces.

Inventory:

Hand Weapons
 a - a +0 quarterstaff (weapon)
 m - a +0 dagger of venom
Missiles
 d - 2 throwing nets
 e - 36 poisoned darts (quivered)
Armour
 b - a +0 leather armour (worn)
 c - a +1 helmet (worn)
 j - a +0 ring mail
Jewellery
 h - an uncursed amulet of magic regeneration
Scrolls
 i - 2 scrolls of teleportation
 l - a scroll of enchant armour
Potions
 g - 2 potions of heal wounds
 k - 2 potions of mutation {unknown}
 n - a potion of flight {unknown}
 o - a potion of lignification {unknown}
Comestibles
 f - 3 rations


   Skills:
 - Level 2.1 Fighting
 + Level 6.4 Staves
 - Level 1.7 Throwing
 - Level 0.6 Armour
 - Level 3.0 Dodging


You couldn't memorise any spells.
You knew the following spells:

 Your Spells              Type           Power        Failure   Level  Hunger
a - Blink                 Tloc           N/A          56%         2    ###....
b - Conjure Flame         Conj/Fire      #.......     80%         3    ####...

Your spell library contained the following spells:

 Spells                   Type           Power        Failure   Level  Hunger
 Magic Dart               Conj           #...         41%         1    ##.....
 Call Imp                 Summ           #.......     56%         2    ###....
 Slow                     Hex            #.......     56%         2    ###....
 Mephitic Cloud           Conj/Pois/Air  #.......     80%         3    ####...


Dungeon Overview and Level Annotations

Branches:
Dungeon (4/15)
 Temple: D:4-7

Altars:
Dithmenos
Gozag
Wu Jian

Shops:
D:3 *

Annotations:
D:3 2 transporters, Zeeb's ghost, amateur DsAK
D:4 Crazy Yiuf


Innate Abilities, Weirdness & Mutations

You have sharp toenails.
You may emit foul miasma when damaged in melee.
You are partially covered in sharp spines.
You are immune to rotting.


Message History

Crazy Yiuf is heavily wounded.
Crazy Yiuf barely misses you.
You hit Crazy Yiuf. Your kick misses Crazy Yiuf.
Crazy Yiuf is heavily wounded.
You barely miss Crazy Yiuf.
Crazy Yiuf is heavily wounded.
Crazy Yiuf hits you with a +3 quarterstaff of chaos!
You feel yourself slow down.
You barely miss Crazy Yiuf.
Crazy Yiuf is heavily wounded.
Crazy Yiuf misses you.
Crazy Yiuf hits you with a +3 quarterstaff of chaos!
* * * LOW HITPOINT WARNING * * *
You barely miss Crazy Yiuf.
Crazy Yiuf is heavily wounded.
Crazy Yiuf is struck by your spines.
Crazy Yiuf hits you with a +3 quarterstaff of chaos.
* * * LOW HITPOINT WARNING * * *
You are electrocuted!!
You die...

############ #####
...........# #)..#
...........# #).)#
...........# )).
...........# #g#
...........# #@##
...........# ##.#
...........# #)##
.....).....# ##.#
...........# ##.##
...........# ##.P.#
...........# #.PP.#
...........# #....#
...........####+..+####


You could see Crazy Yiuf.

Vanquished Creatures
  An ogre (D:4)
  A howler monkey (D:4)
  An orc priest (D:4)
  An orc wizard (D:3)
  An iguana (D:4)
  A worker ant (D:4)
  3 gnolls (D:3)
  5 adders
  2 worms
  2 leopard geckos (D:3)
  8 orcs
  5 giant cockroaches
  6 goblins
  6 hobgoblins
  6 jackals
  A ball python (D:3)
  A ball python skeleton (D:4)
  8 bats
  3 frilled lizards
  5 kobolds
  11 rats
78 creatures vanquished.

Notes
Turn   | Place    | Note
-------+----------+-------------------------------------------
     0 | D:1      | wvc the Demonspawn Gladiator began the quest for the Orb.
     0 | D:1      | Reached XP level 1. HP: 16/16 MP: 1/1
   560 | D:1      | Gained mutation: You are immune to rotting. [demonic
                  | ancestry]
   560 | D:1      | Reached XP level 2. HP: 10/22 MP: 2/2
  1056 | D:2      | Reached skill level 3 in Staves
  1097 | D:2      | Reached XP level 3. HP: 7/27 MP: 3/3
  1618 | D:2      | Found an ornate altar of the Wu Jian Council.
  1683 | D:2      | Found a shadowy altar of Dithmenos.
  2104 | D:3      | Found a transporter.
  2109 | D:3      | Found a transporter.
  2109 | D:3      | Noticed Zeeb's ghost (amateur DsAK)
  2186 | D:3      | Found an opulent altar of Gozag.
  2192 | D:3      | Found Gozag's Platinum Reserve.
  2224 | D:3      | Reached skill level 4 in Staves
  2330 | D:3      | Gained mutation: You have sharp toenails. [demonic
                  | ancestry]
  2330 | D:3      | Reached XP level 4. HP: 21/33 MP: 4/4
  3101 | D:3      | Reached skill level 5 in Staves
  3101 | D:3      | Gained mutation: You may emit foul miasma when damaged in
                  | melee. [demonic ancestry]
  3101 | D:3      | Reached XP level 5. HP: 22/38 MP: 5/5
  3610 | D:4      | Noticed an ogre
  3627 | D:4      | Killed an ogre
  3627 | D:4      | Reached skill level 6 in Staves
  3627 | D:4      | Gained mutation: You are partially covered in sharp spines.
                  | [demonic ancestry]
  3627 | D:4      | Reached XP level 6. HP: 44/44 MP: 6/6
  4472 | D:4      | Learned a level 2 spell: Blink
  4476 | D:4      | Learned a level 3 spell: Conjure Flame
  4631 | D:4      | Found a runed translucent door.
  4632 | D:4      | Noticed Crazy Yiuf
  4642 | D:4      | Demolished by Crazy Yiuf

Levels and vault maps discovered:
D:1:      dpeg_arrival_boxorama, layout_rooms
D:2:      layout_loops_cross, overflow_temple_1_default, lemuel_doored_altar,
          hangedman_decor_lopped
D:3:      layout_loops_ring, nicolae_gozag_zags_fifth_avenue,
          gammafunk_ghost_mausoleum
D:4:      layout_basic, abandoned_shop, grunt_ministairs_9,
          uniq_crazy_yiuf_cottage

Skill      XL: |  1  2  3  4  5 |
---------------+----------------+-----
Dodging        | 3 |  3.0
Staves         | 3 4 5 6 |  6.4
Fighting       | |  2.1
Throwing       | |  1.7
Armour         | |  0.6

Action                   |  1- 3 |  4- 6 || total
-------------------------+-------+-------++-------
Melee: Quarterstaff      |   136 |   102 ||   238
       Kick              |       |    26 ||    26
Throw: Throwing net      |       |     2 ||     2
       Dart              |       |     4 ||     4
  Use: Scroll            |     5 |     4 ||     9
 Stab: Held in net/web   |       |     2 ||     2
  Eat: Chunk             |     5 |     4 ||     9
       Ration            |       |     1 ||     1
Armor: Leather armour    |    39 |    10 ||    49
Dodge: Dodged            |    97 |    74 ||   171

Table legend:
 A = Non-vault XP
 B = Vault XP
 C = Vault XP percentage of total XP
 D = Non-vault monster count
 E = Vault monster count
 F = Vault count percentage of total count
                 A         B        C        D         E       F
            +---------+---------+-------+---------+---------+-------
      Total |     510 |      37 |   6.8 |      77 |       1 |   1.3
            +---------+---------+-------+---------+---------+-------
        D:1 |      18 |       0 |   0.0 |      12 |       0 |   0.0
        D:2 |      52 |       0 |   0.0 |      16 |       0 |   0.0
        D:3 |     162 |       0 |   0.0 |      36 |       0 |   0.0
        D:4 |     278 |      37 |  11.7 |      13 |       1 |   7.1
            +---------+---------+-------+---------+---------+-------
